Map: Invader LE

Players

Fropez

  • Race: Protoss Protoss
  • League: Silver
  • Spawn Location: 5:00

kroboz - Winner!

  • Race: Terran Terran
  • League: Silver
  • Spawn Location: 7:00

VOD

Have the link to the VOD?

Description

Time

  • Played on: June 2, 2016, 12:11 p.m.
  • Length: 15:29
Show
View Real Time Build Order
Export as new Build Order

Fropez Protoss 

Build Orders: Blink Stalkers 

Get SALT Encoding   

  12  0:01  Probe (Chrono Boost)  
  13  0:16  Pylon  
  13  0:20  Probe (Chrono Boost)  
  14  0:27  Assimilator  
  14  0:31  Probe (Chrono Boost)  
  15  0:42  Probe (Chrono Boost)  
  16  0:49  Gateway  
  16  0:53  Probe (Chrono Boost)  
  18  1:04  Probe (Chrono Boost)  
  18  1:05  Pylon  
  18  1:14  Probe (Chrono Boost)  
  19  1:28  Probe (Chrono Boost)  
  20  1:33  Assimilator  
  20  1:38  Cybernetics Core  
  20  1:39  Probe (Chrono Boost)  
  21  1:48  Gateway  
  21  1:49  Probe (Chrono Boost)  
  22  2:00  Probe (Chrono Boost)  
  23  2:09  Gateway  
  23  2:10  Probe (Chrono Boost)  
  23  2:14  Warp Gate (Chrono Boost)  
  24  2:22  Probe (Chrono Boost)  
  25  2:23  Pylon  
  25  2:33  Mothership Core (Chrono Boost)  
  25  2:36  Stalker  
  29  2:52  Twilight Council, Probe  
  30  2:59  Stalker  
  30  3:04  Probe  
  33  3:13  Pylon  
  33  3:16  Probe  
  34  3:28  Probe  
  34  3:29  Pylon  
  34  3:31  Blink (Chrono Boost)  
  35  3:38  Stalker  
  35  3:40  Probe  
  38  3:47  Pylon  
  38  3:53  Probe  
  39  4:05  Probe  
  39  4:09  Pylon  
  40  4:17  Probe  
  40  4:23  Nexus  
  41  4:29  Probe  
  42  4:37  Gateway  
  42  4:41  Probe  
  43  4:46  Forge  
  43  4:53  Probe  
  44  5:05  Probe  
  45  5:08  Stalker  
  45  5:09  Stalker x2  
  51  5:17  Probe  
  51  5:19  Dark Shrine  
  52  5:29  Probe  
  52  5:34  Stalker  
  55  5:37  Stalker  
  55  5:38  Pylon  
  55  5:39  Probe  
  55  5:41  Probe  
  59  5:49  Probe, Assimilator  
  59  5:51  Assimilator  
  60  6:05  Photon Cannon  
  60  6:09  Stalker x2  
  62  6:25  Robotics Facility  
  62  6:33  Photon Cannon  
  56  6:58  Pylon  
  56  7:06  Photon Cannon  
  54  7:08  Probe  
  54  7:09  Probe  
  52  7:18  Pylon  
  52  7:19  Probe  
  53  7:27  Cybernetics Core  
  53  7:33  Pylon  
  53  7:37  Pylon  
  53  7:51  Pylon  
  53  7:54  Nexus  
  52  8:00  Nexus  
  52  8:01  Probe  
  51  9:45  Pylon  
  51  9:58  Assimilator  
  51  10:00  Assimilator  
  51  10:05  Dark Shrine  
  51  10:13  Gateway  
  49  10:17  Gateway  
  49  10:24  Nexus  
  49  10:53  Pylon  
  49  11:09  Pylon  
  49  11:19  Nexus  
  49  11:21  Pylon  
  49  11:23  Assimilator  
  49  11:25  Assimilator  
  49  11:27  Pylon  
  49  11:36  Probe, Dark Templar  
  52  11:40  Probe  
  52  11:46  Probe  
  53  11:50  Dark Templar  
  50  11:58  Probe  
  51  12:02  Assimilator  
  51  12:05  Assimilator  
  51  12:07  Gateway  
  51  12:12  Dark Templar  
  52  12:21  Probe  
  52  12:28  Probe  
  52  12:29  Probe  
  54  12:32  Probe  
  54  12:40  Probe, Gateway  
  54  12:41  Probe, Gateway  
  56  12:46  Gateway  
  56  12:47  Gateway  
  56  12:49  Gateway  
  56  12:50  Gateway  
  56  13:02  Nexus  
  56  13:03  Cybernetics Core  
  56  13:05  Assimilator  
  56  13:07  Pylon, Probe  
  56  13:10  Assimilator  
  57  13:14  Dark Templar  
  59  13:35  Dark Templar  
  61  13:44  Pylon  
  61  14:23  Dark Templar x2  
  63  14:37  Nexus  
  63  14:40  Assimilator  
  63  14:41  Assimilator  
  63  14:42  Pylon  
  63  14:47  Pylon  
  63  14:48  Gateway  
  63  14:52  Pylon  
Show
View Real Time Build Order
Export as new Build Order

kroboz Terran - Winner!

Build Orders: Banshee Rush 

Get SALT Encoding   

  12  0:01  SCV  
  13  0:20  Supply Depot  
  13  0:21  SCV  
  14  0:25  Refinery  
  14  0:33  SCV  
  15  0:45  SCV, Supply Depot  
  16  0:58  Barracks  
  16  1:02  SCV  
  17  1:12  Refinery  
  17  1:14  SCV  
  18  1:26  SCV  
  19  1:47  Orbital Command  
  19  1:48  Factory  
  19  2:02  Supply Depot  
  19  2:42  Starport  
  19  2:44  Starport  
  19  2:50  Barracks Tech Lab  
  19  2:54  SCV  
  20  3:04  Supply Depot  
  20  3:07  SCV  
  20  3:08  Factory Tech Lab  
  21  3:19  SCV  
  22  3:25  Engineering Bay  
  22  3:38  Barracks Tech Lab  
  22  3:48  Banshee x2  
  22  3:51  Cloaking Field  
  28  3:56  Missile Turret  
  28  4:15  Siege Tank, Supply Depot  
  31  4:30  Command Center  
  31  4:37  Banshee  
  34  4:46  Supply Depot  
  37  5:02  Viking  
  36  5:09  Supply Depot  
  36  5:20  Banshee  
  39  5:31  Engineering Bay  
  37  7:03  Banshee x2  
  37  8:45  Banshee x2  
  37  8:48  Siege Tank  
  46  9:27  Banshee  
  46  9:28  Banshee  
  52  11:03  Banshee x2  
  58  11:42  Fusion Core  
  58  11:45  Banshee  
  61  12:24  Supply Depot  
  61  12:25  Supply Depot  
  61  12:38  Planetary Fortress  
  61  12:45  Raven  
  63  12:57  Missile Turret  
  63  13:47  Missile Turret  
  63  13:48  Refinery  
  63  13:49  Refinery  
  63  14:01  Siege Tank  
  66  14:33  Siege Tank  
  69  14:49  Supply Depot x2  
  69  14:50  Supply Depot  
Tags
 
Composition
Blink Stalkers
Matchup
PvT
Replay Pack
All Mines
Spawn Locations
Close Positions
Strategy
Banshee Rush
Add a new tag
Caveats
  • Supply blocks, unpowered buildings, or Contaminate may cause inaccurate times.
  • Supply counts are checked every 10 seconds.